 Dungeon Crawl Stone Soup version 0.31-a0-319-g4fced400ed (webtiles) character file.

Game seed: 17563818664290628986

5399 Monkooky the Fighter (level 10, -2/117 HPs)
             Began as an Ogre Shapeshifter on July 17, 2023.
             Was a High Priest of Ashenzari.
             Slain by a raiju (9 damage)
             ... on level 1 of the Abyss.
             The game lasted 00:25:43 (10967 turns).

Monkooky the Fighter (Ogre Shapeshifter)           Turns: 10967, Time: 00:25:43

Health: -2/117     AC:  9    Str: 28    XL:     10   Next: 66%
Magic:  0/22       EV: 11    Int:  7    God:    Ashenzari [*****.]
Gold:   70         SH:  0    Dex: 15    Spells: 14/26 levels left

rFire   . .          .
                       - Unarmed
rCold   . . .        (no shield)
rNeg    + . .        a - +0 animal skin of Toth-Mos's Legacy {Dev, Elem} (curse)
rPois   .            r - +2 hat of the Prophetic Inaction {Alch, Bglg} (curse)
rElec   .            d - scarf of Curses and Power {shadows, Melee, Alch} (curse)
rCorr   .            (gloves unavailable)
SInv    +            (boots unavailable)
Will    +....        s - amulet of the Pangnostic Prison {Spirit, Self, Comp} (curse)
Stlth   +            g - ring of the Tethered Prison {AC+4, Dev, Cun} (curse)
HPRegen 0.39/turn    z - ring "I Knew You'd Do That" {rN+ Str+7 Int-2 Dex+2, Self, Comp} (curse)
MPRegen 0.18/turn

%: clarity, guardian spirit
@: no status effects
A: large, unfitting armour, tough skin 1
a: Renounce Religion, Curse Item, Shatter the Chains


You were on level 1 of the Abyss.
You worshipped Ashenzari.
Ashenzari was extremely pleased with you.
You visited 2 branches of the dungeon, and saw 10 of its levels.
You visited the Abyss 1 time.

You collected 349 gold pieces.
You spent 279 gold pieces at shops.

Inventory:

Hand Weapons
 C - the +6 morningstar of Niuruv {heavy, rElec rC+}
   (You bought it in a shop on level 5 of the Dungeon)

   rC:        It protects you from cold.
   rElec:     It insulates you from electricity.
Missiles
 h - 11 poisoned darts
 p - a throwing net
Armour
 a - the cursed +0 animal skin of Toth-Mos's Legacy (worn) {Dev, Elem}

   It has a curse which improves the following skills: Devices: Evocations and
   Shapeshifting.
   Elements:  Fire Magic, Ice Magic, Air Magic and Earth Magic.
 d - the cursed scarf of Curses and Power (worn) {shadows, Melee, Alch}
   (You found it on level 2 of the Dungeon)

   It has a curse which improves the following skills: Melee Combat: Short
   Blades, Long Blades, Axes, Maces & Flails, Polearms, Staves and Unarmed
   Combat.
   Alchemy:   Poison Magic and Transmutations.
 r - the cursed +2 hat of the Prophetic Inaction (worn) {Alch, Bglg}
   (You found it on level 3 of the Dungeon)

   It has a curse which improves the following skills: Alchemy: Poison Magic and
   Transmutations.
   Beguiling: Conjurations, Hexes and Translocations.
 E - a +2 robe of willpower
Jewellery
 b - a ring of protection from cold
 g - the cursed ring of the Tethered Prison (left hand) {AC+4, Dev, Cun}
   (You found it on level 1 of the Dungeon)

   [ring of protection]

   AC:        It affects your AC (+4).
   It has a curse which improves the following skills: Devices: Evocations and
   Shapeshifting.
   Cunning:   Dodging and Stealth.
 s - the cursed amulet of the Pangnostic Prison (around neck) {Spirit, Self, Comp}
   (You took it off an orc on level 5 of the Dungeon)

   [amulet of guardian spirit]

   It causes incoming damage to be divided between your reserves of health and
   magic.
   It has a curse which improves the following skills: Introspection: Fighting
   and Spellcasting.
   Companions: Summonings and Necromancy.
 u - a +6 ring of strength
 w - a ring of wizardry
 x - a ring of ice
 z - the cursed ring "I Knew You'd Do That" (right hand) {rN+ Str+7 Int-2 Dex+2, Self, Comp}
   (You found it on level 6 of the Dungeon)

   [ring of positive energy]

   Str:       It affects your strength (+7).
   Int:       It affects your intelligence (-2).
   Dex:       It affects your dexterity (+2).
   rN:        It protects you from negative energy.
   It has a curse which improves the following skills: Introspection: Fighting
   and Spellcasting.
   Companions: Summonings and Necromancy.
 K - a +6 ring of intelligence
Talismans
 c - a beast talisman
Wands
 y - a wand of flame (16)
 D - a wand of polymorph (9)
 F - a wand of charming (21)
 J - a wand of light (7)
Scrolls
 e - 2 scrolls of revelation
 f - 3 scrolls of fog
 k - 3 scrolls of blinking
 m - a scroll of immolation
 n - 5 scrolls of poison
 o - a scroll of enchant weapon
 q - 2 scrolls of brand weapon
 A - a scroll of enchant armour
Potions
 i - 2 potions of brilliance
 l - a potion of attraction
 t - 7 potions of curing
 v - 4 potions of mutation
 B - 2 potions of enlightenment
 H - a potion of lignification
 I - 2 potions of might


   Skills:
 - Level 9.2(12.4) Fighting
 * Level 5.9(8.1) Maces & Flails
 - Level 1.8(3.4) Dodging
 - Level 6.6(8.8) Unarmed Combat
 - Level 5.5(8.6) Spellcasting
 - Level 5.5(7.6) Translocations
 - Level 5.4(7.5) Ice Magic
 - Level 3.0(5.6) Shapeshifting


You had 14 spell levels left.
You knew the following spells:

 Your Spells              Type           Power      Damage    Failure   Level
a - Blink                 Tloc           26%        N/A       1%          2
b - Apportation           Tloc           26%        N/A       1%          1
c - Ozocubu's Armour      Ice            13%        N/A       2%          3
d - Manifold Assault      Tloc           13%        N/A       9%          4
e - Lesser Beckoning      Tloc           26%        N/A       1%          2

Your spell library contained the following spells:

 Spells                   Type           Power      Damage    Failure   Level
 Gell's Gravitas          Tloc           13%        N/A       2%          3
 Teleport Other           Tloc           13%        N/A       2%          3
 Momentum Strike          Conj/Tloc      16%        3d8       6%          2
 Magic Dart               Conj           12%        1d3       17%         1
 Necrotise                Necr           12%        1d4       17%         1
 Summon Small Mammal      Summ           12%        N/A       17%         1
 Poisonous Vapours        Pois/Air       6%         N/A       26%         2
 Searing Ray              Conj           6%         2d4       26%         2
 Mephitic Cloud           Conj/Pois/Air  3%         N/A       45%         3
 Summon Guardian Golem    Hex/Summ       3%         N/A       45%         3
 Tukima's Dance           Hex            3%         N/A       45%         3
 Metabolic Englaciation   Hex/Ice        4%         N/A       73%         5
 Fulminant Prism          Conj/Hex       1%         3d5       86%         4
 Olgreb's Toxic Radiance  Pois           3%         N/A       86%         4
 Freezing Cloud           Conj/Ice/Air   3%         6-21      87%         5
 Alistair's Intoxication  Tmut/Pois      2%         N/A       99%         5
 Simulacrum               Ice/Necr       4%         N/A       99%         6
 Summon Cactus Giant      Summ           1%         N/A       100%        6
 Malign Gateway           Summ/Tloc      4%         N/A       100%        7
 Discord                  Hex            1%         N/A       100%        8
 Ignition                 Fire           1%         3d3       100%        8
 Summon Horrible Things   Summ           1%         N/A       100%        8


Dungeon Overview and Level Annotations

Branches:
Dungeon (9/15)             Temple (1/1) D:5            Lair (0/5) D:9
    Orc (0/2) D:9

Altars:
Ashenzari
Cheibriados
Dithmenos
Elyvilon
Fedhas
Gozag
Hepliaklqana
Kikubaaqudgha
Makhleb
Nemelex Xobeh
Okawaru
Qazlal
Ru
Sif Muna
Trog
Uskayaw
Vehumet
Xom
Yredelemnul
Zin
The Shining One

Shops:
D:4 (   D:5 *

Annotations:
D:4 1 runed translucent door, Crazy Yiuf


Innate Abilities, Weirdness & Mutations

You are too large for most types of armour.
You have tough skin. (AC +1)


Message History

The raiju barely misses the raiju.
Okay, then.
Press: ? - help, v - describe, . - travel
Here: a raiju (chance to confuse on hit: 56%)
The floor.
Unknown command.
You barely miss the raiju.
The raiju seems less confused.
The raiju closely misses you.
The raiju is engulfed in poison gas.
The raiju looks as sick as possible!
The raiju bursts into living lightning!
The living lightning misses you.
The living lightning misses the raiju.
The living lightning hits the raiju.
The raiju completely resists.
The raiju blinks!
The raiju is engulfed in poison gas.
The raiju looks as sick as possible!
The raiju closely misses you.
You closely miss the raiju. The raiju bites you.
* * * LOW HITPOINT WARNING * * *
The raiju shocks you!
* * * LOW HITPOINT WARNING * * *
The raiju is engulfed in poison gas.
The raiju looks as sick as possible!
The raiju bites you.
* * * LOW HITPOINT WARNING * * *
The raiju shocks you!
* * * LOW HITPOINT WARNING * * *
The raiju completely misses you.
Unknown command.
Okay, then.
Okay, then.
Your magical effects are unravelling.
You feel magically purged.
You stop sporulating.
The cursed scarf of Curses and Power {shadows, Melee, Alch} unmelds from your body.
The cursed +2 hat of the Prophetic Inaction {Alch, Bglg} unmelds from your body.
The cursed +0 animal skin of Toth-Mos's Legacy {Dev, Elem} unmelds from your body.
It gets dark.
The raiju is engulfed in poison gas.
The raiju looks as sick as possible!
The raiju pauses to sniff the ground.
The raiju bites you!
* * * LOW HITPOINT WARNING * * *
The raiju shocks you!
You die...

** *,, , , #,
..###, ,*, * , ,
##.####§##§§§§ *
, *
,,...§§§§#.☼☼§§,
* ...§☼§§§§§☼§§
, * , * ,
...§h§#§☼§§§. ,,
* , .
..§§§§§§§... , *
* , ,..
..§§§§..... *, ,
, ,.###hh#..
...,, * , , * ,,
#@h## #. , ** *
, , #§§§§☼§§§
,*, * ,, ,
,,,#☼§§§§§☼§ ,
,* , ,, , ,
#§§☼#§§§☼ *** *
,, * ,
.§§§.§.§§☼ * ,
,** ...#.§§#☼.§§
, * * ** *#
{.§###§## § , *
* * , . §, ,§§ ,
, ** , ,,.....,
,..., *


You could see 4 raiju.

Vanquished Creatures
  Psyche (D:8)
  A troll (D:9)
  Prince Ribbit (D:8)
  Sigmund (D:4)
  2 wyverns
  3 yaks (D:9)
  3 steam dragons
  Edmund (D:6)
  Duvessa (D:4)
  4 water moccasins
  2 orc warriors (D:9)
  A sky beast (D:7)
  2 ice beasts (D:5)
  2 black bears
  An ogre (D:4)
  3 phantoms
  3 centaurs
  2 kobold brigands (D:9)
  2 bullfrogs
  4 scorpions
  A wight (D:5)
  Dowan (D:4)
  3 killer bees (D:8)
  2 howler monkeys (D:8)
  5 hounds
  2 jellies
  2 gnoll boudas
  An orc priest (D:9)
  A sleepcap (D:3)
  2 iguanas (D:5)
  4 orc wizards
  Robin (D:2)
  10 gnolls
  7 adders
  A shadow imp (D:6)
  A white imp (D:5)
  3 dart slugs (D:1)
  A worm (D:2)
  27 orcs
  7 bats
  5 endoplasms
  9 giant cockroaches
  12 hobgoblins
  4 jackals (D:3)
  12 kobolds
  2 quokkas
  10 ball pythons
  3 frilled lizards (D:2)
  16 goblins
  6 rats
201 creatures vanquished.

Vanquished Creatures (others)
  A centaur (D:8)
  A hobgoblin (D:4)
2 creatures vanquished.

Grand Total: 203 creatures vanquished

Notes
Turn   | Place    | Note
-------+----------+-------------------------------------------
     0 | D:1      | Monkooky the Ogre Shapeshifter began the quest for the Orb.
     0 | D:1      | Reached XP level 1. HP: 22/22 MP: 1/1
    79 | D:1      | Reached skill level 3 in Fighting
   137 | D:1      | Reached XP level 2. HP: 24/31 MP: 2/2
   607 | D:1      | Found a faded altar of an unknown god.
   653 | D:1      | Prayed at the altar of an unknown god.
   653 | D:1      | Became a worshipper of Ashenzari the Shackled
   732 | D:1      | Reached XP level 3. HP: 33/39 MP: 3/3
   777 | D:1      | Reached skill level 4 in Fighting
  1314 | D:2      | Reached XP level 4. HP: 49/49 MP: 4/4
  1435 | D:2      | Reached * piety under Ashenzari
  1437 | D:2      | Noticed Robin
  1475 | D:2      | Killed Robin
  1476 | D:2      | Reached skill level 5 in Fighting
  1909 | D:2      | Reached XP level 5. HP: 57/57 MP: 5/5
  2077 | D:2      | Reached ** piety under Ashenzari
  2086 | D:2      | Identified the cursed scarf of Curses and Power {shadows,
                  | Melee, Alch} (You found it on level 2 of the Dungeon)
  2410 | D:3      | Reached skill level 6 in Fighting
  3014 | D:3      | Identified the cursed +0 animal skin of Toth-Mos's Legacy
                  | {Dev, Elem}
  3020 | D:3      | Reached XP level 6. HP: 10/68 MP: 6/6
  3356 | D:4      | Found Niybaem's Weapon Emporium.
  3360 | D:4      | Noticed Sigmund
  3380 | D:4      | Reached skill level 7 in Fighting
  3392 | D:4      | Killed Sigmund
  3393 | D:4      | Reached skill level 8 in Fighting
  3393 | D:4      | Reached XP level 7. HP: 23/80 MP: 7/7
  4062 | D:4      | Reached skill level 9 in Fighting
  4085 | D:4      | Reached skill level 5 in Unarmed Combat
  4239 | D:4      | Reached XP level 8. HP: 88/92 MP: 8/8
  4448 | D:4      | Found a runed translucent door.
  4449 | D:4      | Noticed Crazy Yiuf
  4571 | D:4      | Reached *** piety under Ashenzari
  4624 | D:4      | Noticed Duvessa
  4624 | D:4      | Noticed Dowan
  4639 | D:4      | Killed Duvessa
  4666 | D:4      | Reached **** piety under Ashenzari
  4670 | D:4      | Learned a level 2 spell: Blink
  4672 | D:4      | Learned a level 1 spell: Apportation
  4676 | D:4      | Learned a level 3 spell: Ozocubu's Armour
  4951 | D:4      | Killed Dowan
  5161 | D:5      | Entered Level 5 of the Dungeon
  5305 | D:5      | Found a radiant altar of Vehumet.
  5326 | D:5      | Reached skill level 1 in Spellcasting
  5326 | D:5      | Reached skill level 1 in Translocations
  5475 | D:5      | Found a staircase to the Ecumenical Temple.
  5488 | Temple   | Entered the Ecumenical Temple
  5576 | D:5      | Reached ***** piety under Ashenzari
  5973 | D:5      | Identified the +8 ring mail of Restlessness {rC+}
  5980 | D:5      | Identified the Book of the Captivating Legion
  6041 | D:5      | Found Ea-nāṣir's Fine Metal Goods.
  6150 | D:5      | Reached XP level 9. HP: 99/105 MP: 17/17
  6283 | D:5      | Learned a level 4 spell: Manifold Assault
  6431 | D:6      | Noticed Edmund
  6438 | D:6      | Killed Edmund
  6439 | D:6      | Reached skill level 1 in Ice Magic
  6508 | D:6      | Found a white marble altar of Elyvilon.
  6834 | D:6      | Found a shadowy altar of Dithmenos.
  6887 | D:6      | Identified the ring of Zuuff {rN+ Str+7 Int-2 Dex+2}
  8061 | D:6      | Reached skill level 5 in Ice Magic
  8234 | D:7      | Learned a level 2 spell: Lesser Beckoning
  8243 | D:7      | Found a sparkling altar of Nemelex Xobeh.
  8834 | D:5      | Bought a jewelled morningstar for 279 gold pieces
  8834 | D:5      | Identified the +6 morningstar of Niuruv {heavy, rElec rC+}
                  | (You bought it in a shop on level 5 of the Dungeon)
  8990 | D:8      | Noticed Psyche
  9019 | D:8      | Identified the cursed +2 hat of the Prophetic Inaction
                  | {Alch, Bglg} (You found it on level 3 of the Dungeon)
  9019 | D:8      | Identified the cursed ring of the Tethered Prison {AC+4,
                  | Dev, Cun} (You found it on level 1 of the Dungeon)
  9019 | D:8      | Identified the cursed amulet of the Pangnostic Prison
                  | {Spirit, Self, Comp} (You took it off an orc on level 5 of
                  | the Dungeon)
  9022 | D:8      | Killed Psyche
  9023 | D:8      | Reached skill level 5 in Spellcasting
  9023 | D:8      | Reached skill level 5 in Translocations
  9023 | D:8      | Reached XP level 10. HP: 113/113 MP: 18/20
  9324 | D:8      | Noticed Prince Ribbit
  9333 | D:8      | Reached skill level 1 in Maces & Flails
  9347 | D:8      | Killed Prince Ribbit
 10406 | D:9      | Reached skill level 5 in Maces & Flails
 10563 | D:9      | Found a staircase to the Lair.
 10943 | Abyss:1  | Cast into level 1 of the Abyss (gnoll sergeant)
 10967 | Abyss:1  | Slain by a raiju

Illustrated notes

Levels and vault maps discovered:
D:1:      psy_arrival_radial01, layout_basic, ebering_ecumenical_altar_webs,
          chequers_serial_rivers_large_a
D:2:      layout_basic, hangedman_decor_points, minmay_pentomino_x2, uniq_robin
D:3:      layout_basic, minmay_fractal_squares_5
D:4:      layout_loops_cross, serial_shops, nicolae_shop_tiny_statue_garden,
          uniq_duvessa, uniq_crazy_yiuf_cottage, uniq_sigmund
D:5:      minmay_clustersquares, layout_cave_pods, vehumet_crystals,
          minmay_temple_entry_glass, nicolae_ea-nasir_strikes_again
D:6:      layout_gridville, nicolae_dithmenos_through_a_glass_darkly,
          kennysheep_mini, uniq_edmund
D:7:      layout_basic, nemelex_altar_shiori
D:8:      layout_loops_ring, mrwooster_statue_mirror, uniq_psyche,
          uniq_prince_ribbit1
D:9:      layout_gridville, minmay_lair_entry_grove, orc_david_3,
          kennysheep_generic_room_12
Temple:   bh_familiar_temple
Abyss:1:  base:
D:8

Skill      XL: |  1  2  3  4  5  6  7  8  9 10 |
---------------+-------------------------------+-----
Fighting       | 3 4 5 6 8 9 |  9.2
Unarmed Combat | 2 3 4 5 6 |  6.6
Spellcasting   | 3 5 |  5.5
Translocations | 3 5 |  5.5
Ice Magic      | 5 |  5.4
Maces & Flails | 5 |  5.9
Dodging        | |  1.8
Shapeshifting  | |  3.0

Action                     |  1- 3 |  4- 6 |  7- 9 | 10-12 || total
---------------------------+-------+-------+-------+-------++-------
  Melee: Unarmed           |    99 |   276 |   333 |   183 ||   891
         Punch             |     2 |     6 |    19 |     5 ||    32
   Cast: Manifold Assault  |       |       |     4 |     9 ||    13
         Ozocubu's Armour  |       |       |     4 |     8 ||    12
 Invoke: Curse Item        |     1 |     2 |     3 |     1 ||     7
         Shatter the Chain |       |       |     1 |       ||     1
  Evoke: Wand              |       |       |       |     3 ||     3
    Use: Potion            |       |     5 |       |     2 ||     7
         Scroll            |       |       |     2 |     1 ||     3
   Stab: Distracted        |     1 |       |       |       ||     1
         Invisible         |       |     5 |       |       ||     5
         Sleeping          |       |       |     1 |       ||     1
 Armour: Animal skin       |    59 |   120 |   108 |    80 ||   367
         Skin              |       |    21 |     8 |       ||    29
  Dodge: Dodged            |    52 |   124 |   141 |    99 ||   416
         Form:             |       |     2 |       |       ||     2
         Beast             |       |     1 |       |       ||     1

Table legend: (Time is in decaauts)
 A = Elapsed time spent in this place.
 B = Non-inter-level travel time spent in this place.
 C = Inter-level travel time spent in this place.
 D = Time resting spent in this place.
 E = Time spent auto-exploring this place.
 F = Levels seen in this place.
 G = Mean time per level.
                   A        B        C        D        E       F      G
               +--------+--------+--------+--------+--------+-----+--------+
         Total |  10873 |  10446 |    427 |   1523 |   7243 |  11 |  988.5 |
       Dungeon |  10850 |  10423 |    427 |   1519 |   7243 |   9 | 1205.6 |
        Temple |      1 |      1 |      0 |      0 |      0 |   1 |    1.0 |
         Abyss |     21 |     21 |      0 |      4 |      0 |   1 |   21.0 |
               +--------+--------+--------+--------+--------+-----+--------+

Top non-repeatable levels by time:
     D:4: 1814 daAuts
     D:8: 1368 daAuts
     D:6: 1322 daAuts
     D:5: 1230 daAuts
     D:1: 1227 daAuts
     D:3: 1175 daAuts
     D:7: 1105 daAuts
     D:2: 905 daAuts
     D:9: 701 daAuts
 Abyss:1: 21 daAuts
  Temple: 1 daAuts
